 Dungeon Crawl Stone Soup version 0.28.0-53-g5a82cb258f (webtiles) character file.

Game seed: 13815354845757797979

168 Plasmagod the Conjurer (level 5, -2/28 HPs)
             Began as a Deep Elf Conjurer on July 25, 2022.
             Slain by an orc priest
             ... wielding a +0 short sword
              (4 damage)
             ... on level 4 of the Dungeon.
             The game lasted 00:07:05 (3297 turns).

Plasmagod the Conjurer (Deep Elf Conjurer)          Turns: 3297, Time: 00:07:06

Health: -2/28      AC:  6    Str:  4    XL:     5   Next: 23%
Magic:  0/13       EV: 12    Int: 33    God:
Gold:   68         SH:  0    Dex: 13    Spells: 2/12 levels left

rFire   . . .      SeeInvis .   k - +0 whip of the Elven Halls {protect, Int+2}
rCold   . . .      Faith    .   (no shield)
rNeg    . . .      Spirit   .   a - +0 robe
rPois   .          Reflect  .   (no helmet)
rElec   .          Harm     .   j - +2 cloak
rCorr   .          Rampage  .   x - +0 pair of gloves
Will    .....                   (no boots)
Stlth   ++........              (no amulet)
HPRegen 0.09/turn               s - +6 ring of intelligence
MPRegen 0.13/turn               (no ring)

@: no status effects
A: no striking features
a: no special abilities


You were on level 4 of the Dungeon.
You visited 1 branch of the dungeon, and saw 4 of its levels.
You also visited: Sewer.

You collected 68 gold pieces.

Inventory:

Hand Weapons
 g - a +5 dagger
 k - the +0 whip of the Elven Halls (weapon) {protect, Int+2}
   (You found it on level 2 of the Dungeon)

   It grants its wielder temporary protection when it strikes (+7 to AC).
   Int:       It affects your intelligence (+2).
Armour
 a - a +0 robe (worn)
 j - a +2 cloak (worn)
 q - a +0 leather armour
 x - a +0 pair of gloves (worn)
Jewellery
 s - a +6 ring of intelligence (left hand)
 w - a ring of poison resistance
Wands
 h - a wand of digging (7)
 v - a wand of mindburst (6)
Scrolls
 c - 2 scrolls of teleportation {unknown}
 f - 3 scrolls of vulnerability {unknown}
 i - 2 scrolls of identify {unknown}
 m - 2 scrolls of fear {unknown}
 u - a scroll of holy word {unknown}
 y - a scroll of magic mapping {unknown}
 z - a scroll of immolation {unknown}
Potions
 b - a potion of curing {unknown}
 d - 3 potions of might {unknown}
 e - a potion of attraction {unknown}
 l - 3 potions of cancellation
 n - 2 potions of invisibility {unknown}
 o - a potion of haste {unknown}
 p - a potion of resistance {unknown}
 r - a potion of ambrosia {unknown}
 t - 2 potions of brilliance {unknown}


   Skills:
 + Level 0.1 Fighting
 * Level 0.4 Armour
 + Level 2.9 Dodging
 + Level 3.0 Stealth
 + Level 4.1 Spellcasting
 + Level 6.3 Conjurations
 * Level 0.5 Hexes


You had 2 spell levels left.
You knew the following spells:

 Your Spells              Type           Power      Damage    Failure   Level
a - Magic Dart            Conj           100%       1d8       1%          1
b - Searing Ray           Conj           96%        2d7       1%          2
c - Stone Arrow           Conj/Erth      54%        3d10      4%          3
d - Fulminant Prism       Conj/Hex       14%        3d9       13%         4

Your spell library contained the following spells:

 Spells                   Type           Power      Damage    Failure   Level
 Sandblast                Erth           12%        2d6       5%          1
 Corpse Rot               Necr/Air       12%        N/A       8%          2
 Passwall                 Tmut/Erth      5%         N/A       8%          2
 Poisonous Vapours        Pois/Air       12%        N/A       8%          2
 Dazzling Flash           Conj/Hex       58%        N/A       3%          3
 Iskenderun's Mystic Bla  Conj/Tloc      27%        2d7       14%         4


Dungeon Overview and Level Annotations

Branches:
Dungeon (4/15)              Sewer (visited)
 Temple: D:4-7

Altars:
Nemelex Xobeh

Shops:
D:3 (

Annotations:
D:3 3 runed translucent doors, Flure's ghost, amateur KoBr


Message History

Your Spellcasting skill increases to level 4!
The searing ray hits the orc!
You kill the orc!
You finish channelling your searing ray.
You hear a shout!
An orc comes into view. It is wielding a +0 short sword.
You hear a shout!
Casting: Searing Ray (safe; 1% risk of failure)
Confirm with . or Enter, or press ? or * to list all spells.
Aiming: Searing Ray (safe; 1% risk of failure)
Press: ? - help, Shift-Dir - straight line, f - orc
Aim: an orc, wielding a +0 short sword and wearing a +0 ring mail (85% to hit)
The searing ray hits the orc priest.
The orc priest is moderately wounded.
The searing ray hits the orc!
You kill the orc! (Press . to maintain the ray.)
The searing ray hits the orc priest but does no damage.
The orc priest is moderately wounded.
The orc priest hits you with a +0 short sword.
The searing ray hits the orc priest.
The orc priest is heavily wounded.
The searing ray hits the orc!
You kill the orc!
An orc wizard comes into view. It is wielding a +0 dagger.
The orc priest calls down the wrath of Beogh upon you.
Beogh smites you!
The orc wizard shouts!
The searing ray hits the orc priest but does no damage.
The orc priest is heavily wounded.
You finish channelling your searing ray.
The orc wizard casts a spell.
The orc wizard flickers and vanishes!
Deactivating autopickup; reactivate with Ctrl-A.
The orc priest calls down the wrath of Beogh upon you.
Pain shoots through your body!
* * * LOW HITPOINT WARNING * * *
It was a potion of cancellation.
You feel magically purged.
The orc priest hits you with a +0 short sword.
You die...

### ..# #.# #.#
##### ###.###...#
#.........# .
#.#.###...#
....###.#(# ##.##
...)).o@#.# #.#
#.#.......# #.##
######### #..#
##.# #.# #.# ###
#.# ##.###.#
####...##.#####..


You could see an orc priest.

Vanquished Creatures
  Crazy Yiuf (D:2)
  An orc wizard (D:4)
  2 adders
  2 dart slugs
  5 orcs (D:4)
  10 bats
  6 endoplasms
  10 giant cockroaches
  2 goblins
  6 hobgoblins
  4 jackals (D:3)
  17 kobolds
  A quokka (D:4)
  6 ball pythons
  3 frilled lizards
  7 rats
83 creatures vanquished.

Vanquished Creatures (others)
  A plant (Sewer)
1 creature vanquished.

Grand Total: 84 creatures vanquished

Notes
Turn   | Place    | Note
-------+----------+-------------------------------------------
     0 | D:1      | Plasmagod the Deep Elf Conjurer began the quest for the
                  | Orb.
     0 | D:1      | Reached XP level 1. HP: 10/10 MP: 6/6
   123 | D:1      | Reached XP level 2. HP: 15/15 MP: 5/8
   162 | D:1      | Learned a level 2 spell: Searing Ray
   365 | D:1      | Reached skill level 5 in Conjurations
  1057 | D:2      | Found a sparkling altar of Nemelex Xobeh.
  1064 | D:2      | Reached XP level 3. HP: 19/19 MP: 6/9
  1512 | D:2      | Found a runed translucent door.
  1513 | D:2      | Noticed Crazy Yiuf
  1519 | D:2      | Killed Crazy Yiuf
  1520 | D:2      | Reached XP level 4. HP: 24/24 MP: 6/11
  1747 | D:2      | Identified the +0 whip of the Elven Halls {protect, Int+2}
  1941 | D:3      | Found Ycejal's Weapon Shoppe.
  1951 | D:3      | Found a glowing drain.
  1958 | D:3      | Reached skill level 6 in Conjurations
  1964 | Sewer    | Entered a sewer
  2705 | D:3      | Found a runed translucent gate.
  2706 | D:3      | Found a runed translucent gate.
  2707 | D:3      | Found a runed translucent gate.
  2715 | D:3      | Noticed Flure's ghost (amateur KoBr)
  2736 | D:3      | Found a faded altar of an unknown god.
  3047 | D:3      | Learned a level 3 spell: Stone Arrow
  3052 | D:3      | Learned a level 4 spell: Fulminant Prism
  3290 | D:4      | Reached XP level 5. HP: 28/28 MP: 6/12
  3297 | D:4      | Slain by an orc priest

Illustrated notes

Levels and vault maps discovered:
D:1:      grunt_arrival_lava_bath, layout_basic
D:2:      layout_loops_ring, basic_altar, uniq_crazy_yiuf_cottage
D:3:      layout_basic, gup_sewer_entry_glass, serial_shops, shop,
          hellmonk_ecumenical_altar_lost_god, gammafunk_ghost_split,
          interstate_on_off
D:4:      minmay_spotlight, layout_loops_corners, minmay_misc_feat_encased,
          minmay_misc_feat_tower

Skill      XL: |  1  2  3  4  5 |
---------------+----------------+-----
Conjurations   | 5 6 |  6.3
Stealth        | 3 |  3.0
Spellcasting   | 4 |  4.1
Fighting       | |  0.1
Armour         | |  0.4
Dodging        | |  2.9
Hexes          | |  0.5

Action                   |  1- 3 |  4- 6 || total
-------------------------+-------+-------++-------
 Cast: Magic Dart        |    43 |    53 ||    96
       Searing Ray       |     3 |    10 ||    13
  Use: Potion            |       |     1 ||     1
Armor: Robe              |       |     7 ||     7
Dodge: Dodged            |     1 |    13 ||    14
